 Dungeon Crawl Stone Soup version 0.24.0-125-gc4c63601f3 (webtiles) character file.

Game seed: 17151048202168947552, levelgen mode: deterministic

109 Amplified the Cutter (level 4, -4/36 HPs)
             Began as a Minotaur Earth Elementalist on Feb 18, 2020.
             Slain by Blork the orc
             ... wielding a +0 hand axe
              (5 damage)
             ... on level 4 of the Dungeon.
             The game lasted 00:04:39 (2293 turns).

Amplified the Cutter (Minotaur Earth Elementalist)  Turns: 2293, Time: 00:04:40

Health: -4/36      AC:  5    Str: 13    XL:     4   Next: 59%
Magic:  5/5        EV: 12    Int: 12    God:
Gold:   74         SH:  0    Dex: 11    Spells: 2/5 levels left

rFire    . . .     SeeInvis .   f - +3 dagger
rCold    . . .     Gourm    .   (no shield)
rNeg     . . .     Faith    .   e - +1 leather armour
rPois    .         Spirit   .   (helmet restricted)
rElec    .         Reflect  .   i - +0 cloak
rCorr    .         Harm     .   (no gloves)
MR       .....                  (no boots)
Stlth    ++........             (no amulet)
HPRegen  0.12/turn              (no ring)
MPRegen  0.09/turn              (no ring)

@: no status effects
A: retaliatory headbutt, horns 2
a: no special abilities


You were on level 4 of the Dungeon.
You were not hungry.

You visited 1 branch of the dungeon, and saw 4 of its levels.

You collected 74 gold pieces.

Inventory:

Hand Weapons
 c - a +0 short sword
 f - a +3 dagger (weapon)
 g - a +0 flail
Missiles
 b - 17 stones (quivered)
Armour
 e - a +1 leather armour (worn)
 i - a +0 cloak (worn)
Scrolls
 a - 3 scrolls of enchant armour


   Skills:
 + Level 2.1 Fighting
 * Level 3.0 Short Blades
 - Level 0.2 Armour
 - Level 2.2 Dodging
 * Level 2.7 Stealth
 - Level 1.3 Spellcasting
 - Level 0.7 Transmutations
 - Level 2.4 Earth Magic


You had 2 spell levels left.
You knew the following spells:

 Your Spells              Type           Power        Failure   Level  Hunger
a - Sandblast             Erth           #.....       14%         1    ##.....
b - Passwall              Tmut/Erth      #.......     30%         2    ###....

Your spell library contained the following spells:

 Spells                   Type           Power        Failure   Level  Hunger
 Stone Arrow              Conj/Erth      #.....       56%         3    ####...
 Petrify                  Tmut/Erth      #.......     89%         4    #####..
 Lee's Rapid Deconstruct  Erth           #.........   98%         5    ######.


Dungeon Overview and Level Annotations

Branches:
Dungeon (4/15)
 Temple: D:4-7

Altars:

Annotations:
D:3 2 transporters, Natasha; Zaque's ghost, amateur TeTm
D:4 Blork the orc


Innate Abilities, Weirdness & Mutations

You reflexively headbutt those who attack you in melee.
You have a pair of horns on your head.


Message History

Blork the orc closely misses you. You furiously retaliate!
You headbutt Blork the orc!
Unknown command.
Unknown command.
You hit Blork the orc.
Blork the orc is moderately wounded.
The worker ant twitches its antennae in your direction.
Blork the orc closely misses you.
Unknown command.
Unknown command.
You hit Blork the orc.
Blork the orc is heavily wounded.
Blork the orc hits you but does no damage.
Unknown command.
Unknown command.
Blork the orc hits you with a +0 hand axe.
* * * LOW HITPOINT WARNING * * *
Unknown command.
Blork the orc hits you with a +0 hand axe.
You die...

......##..<....#
#..........#......##
###....#.........##.(#
###......#......)...# .#
#........#...#.....##....
#..........#
###..........
#..........#####....###.
.
##[.........((.....#....
.........@..#......#..#.
...|.a...o...........##
###.....(#.#..<##.....
...>....w.###...# #.....
..[.#..........## .###.
... #....#.....# .# #.
..#######...# #... #...
... ...


You could see Blork the orc, a worm and a worker ant.

Vanquished Creatures
  4 adders
  2 worms
  3 leopard geckos
  7 orcs
  2 ball pythons
  2 giant cockroaches
  A goblin (D:2)
  9 hobgoblins
  4 jackals (D:3)
  8 kobolds
  5 bats
  3 frilled lizards
  5 rats
55 creatures vanquished.

Notes
Turn   | Place    | Note
-------+----------+-------------------------------------------
     0 | D:1      | Amplified the Minotaur Earth Elementalist began the quest
                  | for the Orb.
     0 | D:1      | Reached XP level 1. HP: 14/14 MP: 1/1
   381 | D:1      | Reached skill level 1 in Short Blades
   443 | D:1      | Reached XP level 2. HP: 22/22 MP: 3/3
   470 | D:1      | Reached skill level 1 in Fighting
   899 | D:2      | Reached skill level 2 in Short Blades
  1000 | D:2      | Reached XP level 3. HP: 20/28 MP: 4/4
  1545 | D:2      | Learned a level 2 spell: Passwall
  1756 | D:3      | Reached XP level 4. HP: 36/36 MP: 2/5
  2003 | D:3      | Reached skill level 3 in Short Blades
  2068 | D:3      | Noticed Natasha
  2123 | D:3      | Noticed Zaque's ghost (amateur TeTm)
  2124 | D:3      | Noticed a sky beast
  2152 | D:3      | Found a transporter.
  2153 | D:3      | Found a transporter.
  2274 | D:4      | Noticed Blork the orc
  2284 | D:4      | HP: 1/36 [Blork the orc/puff of frost (8)]
  2292 | D:4      | HP: 1/36 [Blork the orc/+0 hand axe (1)]
  2293 | D:4      | Slain by Blork the orc

Levels and vault maps discovered:
D:1:      psy_arrival_statuary, layout_basic
D:2:      layout_loops_ring, minmay_split_cup_large
D:3:      layout_loops_corners, gammafunk_ghost_arena, uniq_natasha
D:4:      layout_cave_pools, minmay_temple_entry_trees, first_ration,
          led_sif_pool, uniq_blork_the_orc, uniq_robin, uniq_duvessa

Skill      XL: |  1  2  3  4 |
---------------+-------------+-----
Short Blades   | 1 2 3 |  3.0
Fighting       | 1 2 |  2.1
Stealth        | 2 |  2.7
Armour         | |  0.2
Dodging        | |  2.2
Spellcasting   | |  1.3
Transmutations | |  0.7
Earth Magic    | |  2.4

Action                   |  1- 3 |  4- 6 || total
-------------------------+-------+-------++-------
Melee: Short sword       |     9 |       ||     9
       Dagger            |    78 |    43 ||   121
       Headbutt          |     5 |     9 ||    14
Throw: Dart              |       |     3 ||     3
 Cast: Sandblast         |    10 |    11 ||    21
  Use: Scroll            |     2 |     3 ||     5
       Potion            |     1 |     1 ||     2
  Eat: Chunk             |     2 |       ||     2
       Ration            |     1 |       ||     1
Armor: Leather armour    |    29 |     9 ||    38
Dodge: Dodged            |    50 |    24 ||    74
